 Dungeon Crawl Stone Soup version 0.32-a0-995-gb4a59205af (webtiles) character file.

Game seed: 3232929542161040765

518 Sanktem7 the Trooper (level 7, 0/64 HPs)
             Began as a Minotaur Fighter on Apr 22, 2024.
             Slain by an iguana (5 damage)
             ... on level 5 of the Dungeon.
             The game lasted 00:04:53 (3408 turns).

Sanktem7 the Trooper (Minotaur Fighter)             Turns: 3408, Time: 00:04:54

Health: 0/64       AC: 15    Str: 23    XL:     7   Next: 1%
Magic:  6/6        EV:  5    Int:  5    God:
Gold:   151        SH:  0    Dex:  9    Spells: 6/6 levels left

rFire   x . .        a - +0 war axe {axe}
rCold   + . .        c - +0 buckler
rNeg    . . .        x - +0 plate armour
rPois   +            f - +1 hat
rElec   .            (no cloak)
rCorr   .            (no gloves)
SInv    .            m - +0 pair of boots
Will    .....        (no amulet) Stlth
                     n - ring of poison resistance
HPRegen 0.30/turn    r - ring of ice
MPRegen 0.10/turn

%: no passive effects
@: confused
A: horns 2, retaliatory headbutt
a: Convert to Beogh


You were on level 5 of the Dungeon.
You visited 1 branch of the dungeon, and saw 5 of its levels.

You collected 151 gold pieces.


Innate Abilities, Weirdness & Mutations

You have a pair of horns on your head.
You reflexively headbutt those who attack you in melee.


   Skills:
 + Level 6.3 Fighting
 - Level 2.4 Axes
 + Level 6.2 Armour
 + Level 6.2 Shields


You had 6 spell levels left.
You didn't know any spells.
Your spell library contained the following spells:

 Spells                   Type           Power      Damage    Failure   Level
 Leda's Liquefaction      Alch/Erth      0%         N/A       100%        4
 Lee's Rapid Deconstruct  Erth           0%         3d4*      100%        5
 Permafrost Eruption      Ice/Erth       0%         2x4d1     100%        6

Inventory:

Hand Weapons
 a - a +0 war axe (weapon) {axe}
 k - a +0 heavy mace {mace}
   (You found it on level 2 of the Dungeon)
 A - a +0 morningstar of draining {mace}
   (You took it off an orc on level 4 of the Dungeon)
Missiles
 j - 15 poisoned darts (quivered) {throwing}
 l - 24 stones {throwing}
 y - 3 curare-tipped darts {=fthrowing}
Armour
 c - a +0 buckler (worn)
 f - a +1 hat (worn)
   (You found it on level 3 of the Dungeon)
 m - a +0 pair of boots (worn)
   (You found it on level 2 of the Dungeon)
 x - a +0 plate armour (worn)
   (You found it on level 3 of the Dungeon)
Jewellery
 n - a ring of poison resistance (left hand)
   (You found it on level 2 of the Dungeon)
 r - a ring of ice (right hand)
   (You took it off an orc on level 3 of the Dungeon)
Wands
 p - a wand of flame (18)
   (You took it off Natasha on level 2 of the Dungeon)
Scrolls
 e - a scroll of blinking {unknown}
 g - 2 scrolls of identify {unknown}
 o - a scroll of fear {unknown}
 q - a scroll of immolation {unknown}
 s - 3 scrolls of summoning {unknown}
 t - 2 scrolls of revelation {unknown}
 u - a scroll of teleportation {unknown}
Potions
 b - a potion of brilliance {unknown}
 d - 3 potions of might
 h - a potion of degeneration {unknown}
 i - a potion of magic {unknown}
 v - a potion of berserk rage {unknown}
 w - a potion of curing {unknown}
 z - a potion of heal wounds {unknown}
 B - a potion of resistance {unknown}

Dungeon Overview and Level Annotations

Branches:
Dungeon (5/15) Zot: 26491  Temple (0/1) D:4

Altars:
Dithmenos
Yredelemnul
The Shining One

## .# .# .#
##.#####
#......#
#oo....#
#@o....#
#.ll|...#
.........#
###.......#
##......#
#......#
###.#### .#


You could see 2 iguanas, an orc priest, an orc wizard and an orc.


Message History

The orc shouts!
You block the iguana's attack.
There is a stone staircase leading up here.
You barely miss the iguana. You closely miss the orc.
The orc hits you but does no damage. You block the iguana's attack.
You closely miss the orc priest. Your headbutt misses the orc priest.
You hit the orc. You hit the iguana but do no damage.
The orc priest casts a cantrip, but nothing happens.
The iguana barely misses you.
You slash the orc!
You kill the orc!
You closely miss the iguana. You closely miss the orc priest. You hit the orc.
The orc hits you but does no damage. The iguana bites you!
The iguana bites you but does no damage.
The iguana barely misses you. You furiously retaliate!
You headbutt the iguana!
The orc wizard gestures at you while chanting.
You are confused.
The orc priest hits you but does no damage.
The orc barely misses you. 😕 HP[-9]
You take 9 damage, and now have 55/64 hp.
You barely miss the orc wizard. You hit the orc priest.
You hit the iguana but do no damage. You miss the orc. You miss the iguana.
The orc priest barely misses you. The orc wizard casts a spell at you.
The puff of flame hits you. The fire burns you terribly!
The iguana bites you but does no damage.
The iguana bites you.
The orc hits you but does no damage. 😮 HP[-7]
You take 7 damage, and now have 48/64 hp.
You closely miss the orc. Your headbutt misses the orc.
You barely miss the iguana. You hit the orc wizard.
You hit the iguana but do no damage. You closely miss the orc priest.
The iguana bites you but does no damage.
The orc priest invokes the aid of Beogh against you.
Beogh smites you! The orc barely misses you.
The orc wizard hits you with a +0 dagger.
The iguana completely misses you.
The orc wizard hits you but does no damage.
The orc hits you but does no damage.
The iguana bites you but does no damage.
The orc priest shouts, "Beogh offers mercy even to people such as you.
Join us and be reborn!"
The orc priest barely misses you. The iguana barely misses you.
The orc priest shouts, "The Pantheon deserves no one's loyalty.
Let us show you the true path!" (press Y on the ability menu to convert to Beogh) 😮 HP[-13]
You take 13 damage, and now have 35/64 hp.
MASSIVE DAMAGE!! (PAUSE)
The orc wizard casts a spell at you.
You are more confused.
The iguana bites you!
* * * LOW HITPOINT WARNING * * *
The orc priest hits you with a +0 war axe!
* * * LOW HITPOINT WARNING * * *
The orc barely misses you. The iguana barely misses you.
In your confused state, you trip and fall back down the stairs.
* * * LOW HITPOINT WARNING * * *
The orc wizard hits you with a +0 dagger.
* * * LOW HITPOINT WARNING * * *
The iguana closely misses you.
The orc priest casts a cantrip, but nothing happens.
The iguana bites you but does no damage.
The orc hits you but does no damage. 😨 HP[-16]
You take 16 damage, and now have 19/64 hp.
MASSIVE DAMAGE!! (PAUSE)
The orc wizard hits you but does no damage.
The iguana bites you.
* * * LOW HITPOINT WARNING * * *
The orc priest hits you but does no damage.
The orc hits you but does no damage.
The iguana bites you but does no damage.
In your confused state, you trip and fall back down the stairs.
* * * LOW HITPOINT WARNING * * *
The orc wizard hits you but does no damage.
The iguana bites you.
* * * LOW HITPOINT WARNING * * *
The orc priest hits you but does no damage.
The iguana bites you.
* * * LOW HITPOINT WARNING * * *
The orc hits you but does no damage. 😱 HP[-8]
You take 8 damage, and now have 11/64 hp.
Unknown command.
The orc priest closely misses you.
The orc wizard hits you but does no damage.
The iguana hisses menacingly.
The iguana bites you but does no damage.
The iguana bites you.
* * * LOW HITPOINT WARNING * * *
The orc hits you with a +0 whip.
* * * LOW HITPOINT WARNING * * *
In your confused state, you trip and fall back down the stairs.
* * * LOW HITPOINT WARNING * * *
The orc priest calls upon Beogh to heal the orc wizard.
The orc wizard's wounds heal themselves!
The orc wizard hits you but does no damage.
The iguana bites you but does no damage.
The iguana bites you.
You die...

Skill      XL: |  1  2  3  4  5  6 |
---------------+-------------------+-----
Fighting       | 4 5 6 |  6.3
Armour         | 4 5 6 |  6.2
Shields        | 4 5 6 |  6.2
Axes           | |  2.4

Action                     |  1- 3 |  4- 6 |  7- 9 || total
---------------------------+-------+-------+-------++-------
  Melee: War axe           |    67 |   137 |     5 ||   209
         Headbutt          |     8 |    14 |       ||    22
 Armour: Scale mail        |    64 |    55 |       ||   119
         Plate armour      |       |    49 |    36 ||    85
  Dodge: Dodged            |    33 |    53 |    12 ||    98
  Block: Buckler           |    20 |    28 |     2 ||    50

Levels and vault maps discovered:
D:1:      ncdulo_wetmaze, layout_loops_ring, hangedman_decor_push, st_stairs_9,
          minmay_misc_feat_room
D:2:      layout_basic, uniq_jessica, uniq_natasha, uniq_robin
D:3:      layout_loops_corners, shapermc_ecumenical_altar_mp_urbaneastern,
          kennysheep_generic_room_15
D:4:      layout_loops_ring, grunt_temple_overflow_holy_war,
          nicolae_dithmenos_through_a_glass_darkly,
          minmay_temple_entry_from_below_b, skrybe_limestone_x
D:5:      layout_rooms, grunt_temple_overflow_cloverleaf,
          minmay_misc_feat_more_columns, minmay_fractal_squares_diagonal_5

Notes
Turn   | Place    | Note
-------+----------+-------------------------------------------
     0 | D:1      | Sanktem7 the Minotaur Fighter began the quest for the Orb.
     0 | D:1      | Reached XP level 1. HP: 19/19 MP: 0/0
     0 | D:1      | magus.rc [v1.9.6]
   110 | D:1      | Reached XP level 2. HP: 27/27 MP: 1/1
   191 | D:1      | Reached skill level 4 in Fighting
   191 | D:1      | Reached skill level 4 in Armour
   191 | D:1      | Reached skill level 4 in Shields
   707 | D:2      | Noticed Robin
   715 | D:2      | Reached XP level 3. HP: 27/33 MP: 2/2
   723 | D:2      | Killed Robin
   834 | D:2      | Noticed Natasha
   837 | D:2      | Killed Natasha
   838 | D:2      | Reached XP level 4. HP: 41/41 MP: 3/3
   883 | D:2      | Noticed Jessica
   888 | D:2      | Killed Jessica
  1076 | D:2      | Noticed Natasha
  1083 | D:2      | Killed Natasha
  1084 | D:2      | Reached skill level 5 in Fighting
  1084 | D:2      | Reached XP level 5. HP: 38/48 MP: 4/4
  1146 | D:2      | Reached skill level 5 in Shields
  1336 | D:2      | Noticed Natasha
  1339 | D:2      | Reached skill level 5 in Armour
  1343 | D:2      | Killed Natasha
  2158 | D:3      | Found a faded altar of an unknown god.
  2575 | D:4      | Found a staircase to the Ecumenical Temple.
  2600 | D:4      | Reached XP level 6. HP: 50/57 MP: 5/5
  2749 | D:4      | Reached skill level 6 in Fighting
  2779 | D:4      | You pick up a book of the Earth and begin reading...
  2779 | D:4      | You add the spells Leda's Liquefaction, Lee's Rapid
                  | Deconstruction and Permafrost Eruption to your library.
  2830 | D:4      | Found a basalt altar of Yredelemnul.
  2881 | D:4      | Found a glowing golden altar of the Shining One.
  2883 | D:4      | Noticed an angel
  3183 | D:4      | Found a shadowy altar of Dithmenos.
  3342 | D:5      | Entered Level 5 of the Dungeon
  3342 | D:5      | Noticed an ice beast
  3350 | D:5      | Killed an ice beast
  3351 | D:5      | Reached skill level 6 in Armour
  3351 | D:5      | Reached skill level 6 in Shields
  3355 | D:5      | Reached XP level 7. HP: 57/64 MP: 6/6
  3406 | D:5      | HP: 11/64 [iguana (6)]
  3408 | D:5      | HP: 5/64 [fell downstairs (1)]
  3408 | D:5      | Slain by an iguana

Vanquished Creatures
  An ice beast (D:5)
  2 scorpions (D:4)
  Jessica (D:2)
  An iguana (D:5)
  An orc wizard (D:4)
  Natasha (thrice) (D:2)
  Robin (D:2)
  5 adders
  2 dart slugs
  A ribbon worm (D:2)
  9 orcs
  8 ball pythons
  7 bats
  5 endoplasms
  A giant cockroach (D:1)
  18 goblins
  2 hobgoblins
  8 jackals
  6 kobolds
  5 quokkas
  3 frilled lizards
  8 rats
98 creatures vanquished.

Table legend:
 A = Non-vault XP
 B = Vault XP
 C = Vault XP percentage of total XP
 D = Non-vault monster count
 E = Vault monster count
 F = Vault count percentage of total count
                 A         B        C        D         E       F
            +---------+---------+-------+---------+---------+-------
      Total |     627 |     113 |  15.3 |      82 |      16 |  16.3
            +---------+---------+-------+---------+---------+-------
        D:1 |      34 |       4 |  10.5 |      21 |       2 |   8.7
        D:2 |     130 |     105 |  44.7 |      17 |      13 |  43.3
        D:3 |      72 |       4 |   5.3 |      25 |       1 |   3.8
        D:4 |     230 |       0 |   0.0 |      16 |       0 |   0.0
        D:5 |     161 |       0 |   0.0 |       3 |       0 |   0.0
            +---------+---------+-------+---------+---------+-------

Skill      XL: |  1  2  3  4  5  6 |
---------------+-------------------+-----
Fighting       | 4 5 6 |  6.3
Armour         | 4 5 6 |  6.2
Shields        | 4 5 6 |  6.2
Axes           | |  2.4

Action                     |  1- 3 |  4- 6 |  7- 9 || total
---------------------------+-------+-------+-------++-------
  Melee: War axe           |    67 |   137 |     5 ||   209
         Headbutt          |     8 |    14 |       ||    22
 Armour: Scale mail        |    64 |    55 |       ||   119
         Plate armour      |       |    49 |    36 ||    85
  Dodge: Dodged            |    33 |    53 |    12 ||    98
  Block: Buckler           |    20 |    28 |     2 ||    50

Illustrated notes

Table legend:
 A = Kills in this place as a percentage of kills in the entire game.
 B = Kills by you in this place as a percentage of kills by you in the entire game.
 C = Kills by friends in this place as a percentage of kills by friends in the entire game.
 D = Other kills in this place as a percentage of other kills in the entire game.
 E = Experience gained in this place as a percentage of experience gained in the entire game.
 F = Experience gained in this place divided by the number of levels of this place that you have seen.
                   A       B       C       D       E      F
               +-------+-------+-------+-------+-------+----------------------
         Total | 100.0 | 100.0 |   N/A |   N/A | 100.0 | 148.0
       Dungeon | 100.0 | 100.0 |   N/A |   N/A | 100.0 | 148.0
               +-------+-------+-------+-------+-------+----------------------

Table legend: (Time is in decaauts)
 A = Elapsed time spent in this place.
 B = Non-inter-level travel time spent in this place.
 C = Inter-level travel time spent in this place.
 D = Time resting spent in this place.
 E = Time spent auto-exploring this place.
 F = Levels seen in this place.
 G = Mean time per level.
                   A        B        C        D        E       F      G
               +--------+--------+--------+--------+--------+-----+--------+
         Total |   3507 |   3356 |    151 |      0 |   2764 |   5 |  701.4 |
       Dungeon |   3507 |   3356 |    151 |      0 |   2764 |   5 |  701.4 |
               +--------+--------+--------+--------+--------+-----+--------+

Top non-repeatable levels by time:
     D:3: 997 daAuts
     D:2: 875 daAuts
     D:4: 862 daAuts
     D:1: 735 daAuts
     D:5: 36 daAuts
